 Seeded DCSS version 0.29-a0-96-g93358da72b (webtiles) character file.

Game seed: 8896313398491821788 (custom seed)

78 innerfire433 the Poker (level 4, -1/35 HPs)
             Began as a Djinni Monk on Feb 10, 2022.
             Slain by a gnoll (4 damage)
             ... on level 3 of the Dungeon.
             The game lasted 00:03:03 (2169 turns).

innerfire433 the Poker (Djinni Monk)                Turns: 2169, Time: 00:03:04

Health: -1/35      AC:  3    Str: 12    XL:     4   Next: 61%
Gold:   90         EV: 13    Int: 11    God:
                   SH:  0    Dex: 16

rFire   + + .      SeeInvis .   a - +0 spear
rCold   x . .      Faith    .   (no shield)
rNeg    . . .      Spirit   .   b - +0 robe
rPois   ∞          Reflect  .   (no helmet)
rElec   .          Harm     .   (no cloak)
rCorr   .          Rampage  .   o - +0 pair of gloves
Will    .....                   (boots unavailable)
Stlth   ++........              (no amulet)
HPRegen 0.11/turn               (no ring)
MPRegen 0.00/turn               (no ring)

@: flying
A: sickness immunity, fire resistance 2, cold vulnerability 1, float, innate
caster, HP casting, extra vitality 1
a: no special abilities


You were on level 3 of the Dungeon.
You visited 1 branch of the dungeon, and saw 3 of its levels.

You collected 90 gold pieces.

Inventory:

Hand Weapons
 a - a +0 spear (weapon)
Missiles
 h - a throwing net (quivered)
Armour
 b - a +0 robe (worn)
 o - a +0 pair of gloves (worn)
Scrolls
 c - a scroll of immolation {unknown}
 d - a scroll of brand weapon {unknown}
 e - a scroll of torment {unknown}
 i - a scroll of identify {unknown}
 j - 2 scrolls of vulnerability {unknown}
 n - a scroll of fog {unknown}
Potions
 f - 3 potions of curing {unknown}
 k - 2 potions of attraction {unknown}
 l - a potion of brilliance {unknown}
 m - a potion of lignification {unknown}


   Skills:
 - Level 3.0 Fighting
 * Level 4.1 Polearms
 - Level 3.3 Dodging
 - Level 1.6 Stealth


You had 2 spell levels left.
You knew the following spells:

 Your Spells              Type           Power      Damage    Failure   Level
a - Freeze                Ice            0%         1d3       34%         1
Your spell library was empty.

Dungeon Overview and Level Annotations

Branches:
Dungeon (3/15)

Altars:


Innate Abilities, Weirdness & Mutations

You are immune to sickness and miasma.
You are immune to poison.
Your flesh is very heat resistant. (rF++)
You are vulnerable to cold. (rC-)
You float through the air rather than walking.
You learn spells naturally, not from books.
Your magical power is your life essence.
You have superior vitality. (+4 MHP)


Message History

You now have 90 gold pieces (gained 5).
A gnoll comes into view. It is wielding a +3 spear.
The gnoll moves out of view.
k - 2 sedimented brown potions (gained 1) 2 gnolls come into view.
You hear the rusting of a very distant drain.
The gnoll shouts!
The gnoll moves out of view.
A gnoll is nearby!
A gnoll comes into view. It is wielding a +0 club.
The gnoll closely misses you.
A gnoll comes into view. It is wielding a +0 spear.
You reach to attack!
The gnoll shouts!
You hit the gnoll but do no damage. The gnoll barely misses you.
You reach to attack!
You hit the gnoll.
The gnoll is moderately wounded.
The gnoll hits you with a +3 spear!
A goblin comes into view. It is wielding a +0 club.
The gnoll hits you from afar with a +3 spear.
The gnoll hits you with a +3 spear.
The gnoll hits you from afar with a +0 spear.
You hit the gnoll.
The gnoll is heavily wounded.
The gnoll closely misses you.
You hit the gnoll.
The gnoll is severely wounded.
The gnoll hits you from afar with a +0 spear!
* * * LOW HITPOINT WARNING * * *
The gnoll hits you with a +3 spear.
* * * LOW HITPOINT WARNING * * *
You hit the gnoll but do no damage.
The gnoll is severely wounded.
The gnoll misses you. x2
Okay, then.
As you read the scroll labelled CISURH AQOPS, it crumbles to dust.
It is a scroll of amnesia.
You feel forgetful for a moment. The gnoll misses you.
The gnoll hits you with a +3 spear.
You die...

..##.########..
#.#..# .
#.#.######
#.#.##...##
#...#.>...##
##.........# ..
###.....[...#...
#...#...........
#@####.....##..
##g##.<..(.......
#ggg...÷.........
#..g###..........[
#...##
#........... .....
......##.#.#
...... #...#### .#
. ....... ..... #
....... ...###


You could see 4 gnolls and a goblin.

Vanquished Creatures
  2 adders
  A dart slug (D:2)
  An orc (D:3)
  4 ball pythons
  8 endoplasms
  A giant cockroach (D:2)
  6 goblins
  4 hobgoblins
  4 jackals (D:2)
  4 kobolds
  4 quokkas
  2 bats (D:2)
  3 frilled lizards
  8 rats
  A spectral goblin (D:2)
53 creatures vanquished.

Notes
Turn   | Place    | Note
-------+----------+-------------------------------------------
     0 | D:1      | innerfire433 the Djinni Monk began the quest for the Orb.
     0 | D:1      | Reached XP level 1. HP: 20/20 MP: 0/0
     3 | D:1      | Noticed a minotaur skeleton
     5 | D:1      | Noticed a vampire
     9 | D:1      | Noticed a demonspawn zombie
    15 | D:1      | Noticed a human
   307 | D:1      | Reached XP level 2. HP: 25/25 MP: 0/0
   387 | D:1      | Reached skill level 3 in Polearms
   553 | D:1      | Reached XP level 3. HP: 22/30 MP: 0/0
   553 | D:1      | Learned a level 1 spell: Freeze
   963 | D:2      | Found a faded altar of an unknown god.
  1283 | D:2      | Reached XP level 4. HP: 35/35 MP: 0/0
  1512 | D:2      | Reached skill level 4 in Polearms
  2169 | D:3      | Slain by a gnoll

Illustrated notes

Levels and vault maps discovered:
D:1:      shiori_arrival_whats_in_store_for_you, layout_rooms,
          chequers_serial_rivers_room_a
D:2:      layout_loops_cross, dreamdust_ecumenical_altar_drowned_temple,
          nrook_campfire, st_stairs_9, kennysheep_boxes
D:3:      minmay_wonky_spiral, layout_rooms, cheibrodos_sewer_entry_bend

Skill      XL: |  1  2  3  4 |
---------------+-------------+-----
Polearms       | 3 4 |  4.1
Fighting       | |  3.0
Dodging        | |  3.3
Stealth        | |  1.6

Action                   |  1- 3 |  4- 6 || total
-------------------------+-------+-------++-------
Melee: Spear             |   143 |    69 ||   212
       Punch             |     4 |     1 ||     5
  Use: Scroll            |       |     1 ||     1
 Stab: Sleeping          |     3 |     1 ||     4
       Distracted        |     1 |       ||     1
Armor: Robe              |    18 |     3 ||    21
Dodge: Dodged            |    65 |    41 ||   106

Table legend: (Time is in decaauts)
 A = Elapsed time spent in this place.
 B = Non-inter-level travel time spent in this place.
 C = Inter-level travel time spent in this place.
 D = Time resting spent in this place.
 E = Time spent auto-exploring this place.
 F = Levels seen in this place.
 G = Mean time per level.
                   A        B        C        D        E       F      G
               +--------+--------+--------+--------+--------+-----+--------+
         Total |   2153 |   2119 |     34 |      0 |   1718 |   3 |  717.7 |
       Dungeon |   2153 |   2119 |     34 |      0 |   1718 |   3 |  717.7 |
               +--------+--------+--------+--------+--------+-----+--------+

Top non-repeatable levels by time:
     D:2: 1097 daAuts
     D:1: 791 daAuts
     D:3: 264 daAuts
